 Dungeon Crawl Stone Soup version 0.30.1-11-g7821555f0a (webtiles) character file.

Game seed: 12540758397574451319

77154 Chiseanne the Warrior (level 15, -39/133 HPs)
             Began as a Demonspawn Wanderer on Oct 16, 2023.
             Was an Initiate of Gozag.
             Annihilated by Aizul (47 damage)
             ... on level 2 of the Snake Pit on Nov 6, 2023.
             The game lasted 01:19:59 (31047 turns).

Chiseanne the Warrior (Demonspawn Wanderer)        Turns: 31047, Time: 01:20:00

Health: -39/133    AC: 25    Str: 19      XL:     15   Next: 14%
Magic:  15/15      EV:  2    Int: 12 (14) God:    Gozag
Gold:   711        SH:  0    Dex: 15      Spells: 14/14 levels left

rFire   . . .        a - +3 broad axe (venom)
rCold   + . .        w - +0 kite shield
rNeg    + . .        B - +5 scale mail of Moral Flaws {rElec}
rPois   +            (helmet unavailable)
rElec   +            W - +1 cloak {Will+}
rCorr   +            o - +2 pair of gloves
SInv    .            j - +2 pair of boots
Will    +....        g - amulet of the acrobat Stlth
                     k - ring of poison resistance
HPRegen 0.42/turn    d - ring "Ruafige" {rC+ rN+ Will- rCorr Int+2}
MPRegen 0.14/turn

%: acrobat
@: lethally poisoned (-39 -> -56), sleeping, hasted
A: horns 3, rugged brown scales 1, demonic guardian 1, demonic magic 2
a: Renounce Religion, Potion Petition, Call Merchant, Bribe Branch


You were on level 2 of the Snake Pit.
You worshipped Gozag.
Gozag was pleased with you.
You visited 5 branches of the dungeon, and saw 25 of its levels.
You visited 1 bazaar.

You collected 6211 gold pieces.
You spent 3179 gold pieces at shops.
You paid 2321 gold pieces to Gozag.

Inventory:

Hand Weapons
 a - a +3 broad axe of venom (weapon)
 b - a +3 scimitar of flaming
 e - a +2 broad axe
Missiles
 t - 4 silver boomerangs
 J - 3 throwing nets
 O - 3 curare-tipped darts (quivered)
 U - 16 boomerangs
Armour
 j - a +2 pair of boots (worn)
 o - a +2 pair of gloves (worn)
 w - a +0 kite shield (worn)
 B - the +5 scale mail of Moral Flaws (worn) {rElec}
   (You found it on level 10 of the Dungeon)

   rElec:     It insulates you from electricity.
 W - a +1 cloak of willpower (worn)
Jewellery
 d - the ring "Ruafige" (right hand) {rC+ rN+ Will- rCorr Int+2}
   (You acquired it on level 15 of the Dungeon)

   [ring of resist corrosion]

   Int:       It affects your intelligence (+2).
   rC:        It protects you from cold.
   rN:        It protects you from negative energy.
   rCorr:     It protects you from acid and corrosion.
   Will:      It decreases your willpower.
 g - an amulet of the acrobat (around neck)
 k - a ring of poison resistance (left hand)
 H - a +6 ring of dexterity
Wands
 f - a wand of flame (7)
 q - a wand of digging (11)
 y - a wand of mindburst (2)
 F - a wand of charming (6)
 G - a wand of iceblast (2)
Scrolls
 n - a scroll of summoning
 A - 6 scrolls of fog
 C - 8 scrolls of blinking
 D - 4 scrolls of poison
 E - 6 scrolls of identify
 I - 13 scrolls of teleportation
Potions
 c - 3 potions of cancellation
 h - 2 potions of flight
 m - 10 potions of curing
 p - a potion of mutation
 z - 2 potions of invisibility
 L - 4 potions of heal wounds
 V - a potion of haste
Miscellaneous
 l - a phial of floods


   Skills:
 * Level 15.8 Fighting
 - Level 1.0(3.0) Maces & Flails
 - Level 4.5(4.6) Staves
 - Level 12.9 Armour
 * Level 10.2 Dodging
 - Level 1.0 Stealth
 * Level 12.8 Shields


You had 14 spell levels left.
You didn't know any spells.
Your spell library contained the following spells:

 Spells                   Type           Power      Damage    Failure   Level
 Freeze                   Ice            0%         1d3       80%         1
 Magic Dart               Conj           0%         1d3       80%         1
 Sandblast                Erth           0%         2d4       80%         1
 Call Imp                 Summ           0%         N/A       90%         2
 Passwall                 Tmut/Erth      0%         N/A       90%         2
 Scorch                   Fire           0%         2d5       90%         2
 Searing Ray              Conj           0%         2d4       90%         2
 Call Canine Familiar     Summ           0%         N/A       99%         3
 Frozen Ramparts          Ice            0%         1d1       99%         3
 Hailstorm                Conj/Ice       0%         3d3       99%         3
 Mephitic Cloud           Conj/Pois/Air  0%         N/A       99%         3
 Ozocubu's Armour         Ice            0%         N/A       99%         3
 Portal Projectile        Hex/Tloc       0%         N/A       99%         3
 Stone Arrow              Conj/Erth      0%         3d7       99%         3
 Animate Armour           Summ/Erth      0%         N/A       100%        4
 Flame Wave               Conj/Fire      0%         2d4       100%        4
 Fulminant Prism          Conj/Hex       0%         3d5       100%        4
 Leda's Liquefaction      Hex/Erth       0%         N/A       100%        4
 Summon Lightning Spire   Summ/Air       0%         N/A       100%        4
 Borgnjor's Vile Clutch   Necr/Erth      0%         N/A       100%        5
 Metabolic Englaciation   Hex/Ice        0%         N/A       100%        5
 Death Channel            Necr           0%         N/A       100%        6
 Summon Cactus Giant      Summ           0%         N/A       100%        6
 Haunt                    Necr/Summ      0%         N/A       100%        7
 Ozocubu's Refrigeration  Ice            0%         4d7       100%        7
 Storm Form               Tmut/Air       0%         N/A       100%        7
 Infestation              Necr           0%         N/A       100%        8
 Lehudib's Crystal Spear  Conj/Erth      0%         10d2      100%        8
 Maxwell's Capacitive Co  Air            0%         ∞         100%        8
 Animate Dead             Necr           Unusable   N/A       N/A         4
 Simulacrum               Ice/Necr       Unusable   N/A       N/A         6

Dungeon Overview and Level Annotations

Branches:
Dungeon (15/15)            Temple (1/1) D:7            Lair (5/5) D:11
 Shoals (0/4) Lair:2        Snake (2/4) Lair:3        Slime (0/5) Lair:4
    Orc (2/2) D:11            Elf (0/3) Orc:2        Vaults (0/5) D:14
 Depths (0/4) D:15

Altars:
Ashenzari
Cheibriados
Dithmenos
Fedhas
Gozag
Hepliaklqana
Kikubaaqudgha
Makhleb
Okawaru
Ru
Sif Muna
Trog
Uskayaw
Vehumet
Wu Jian
Xom
Yredelemnul
Jiyva

Shops:
D:5 [   D:6 ?   D:11 ([   D:12 (   D:13 *   D:15 ?[   Orc:2 =(!(*

Portals:
Hell: Lair:5

Annotations:
D:4 2 transporters, Rihmasto's ghost, amateur MiBe
D:10 3 runed translucent doors, Vandergrift's ghost, novice GrBe; bworf's ghost, journeyman HOFE
Lair:4 exclusion: 4 oklob plants
Snake:1 1 runed translucent door
Snake:2 Aizul


Innate Abilities, Weirdness & Mutations

You have a pair of large horns on your head.
You are partially covered in rugged brown scales. (AC +1, +3% HP)
A weak demonic guardian rushes to your aid.
Spells you cast may paralyse nearby enemies.


Message History

You resist.
You slash Aizul!
Aizul looks as sick as possible!
Your headbutt misses Aizul.
Aizul is heavily wounded.
You feel very sick. Aizul barely misses you.
You slash Aizul!
Aizul is heavily wounded.
You feel sick. Aizul casts a spell at you.
The poison arrow hits you but does no damage.
You are more poisoned.
Aizul barely misses you.
You hit Aizul but do no damage. You headbutt Aizul, but do no damage.
Aizul is severely wounded.
You feel very sick. You block Aizul's attack.
Aizul hits you but does no damage.
You slash Aizul!
Aizul is severely wounded.
You feel very sick.
Aizul coils herself and waves her upper body at you.
The bolt of poison hits you. You resist.
* * * LOW HITPOINT WARNING * * *
A demonic guardian appears!
Aizul barely misses you.
You closely miss Aizul. You headbutt Aizul.
Aizul is severely wounded.
You feel very sick. Aizul casts a spell at you.
You fall asleep.
Your orange demon stings Aizul from afar.
You feel sick.
Aizul coils herself and waves her upper body at you.
The bolt of poison hits you but does no damage.
You are lethally poisoned!
You resist. Aizul hits you but does no damage.
Your orange demon barely misses Aizul.
* * * LOW HITPOINT WARNING * * *
You feel very sick. Aizul hits you!!!
You die...
Your body crumbles into a pile of gold.

../... #...#
#######^..###
............#
............#
............#
............#
.....4.S....#
#@....##
#######......######
..................#
..................#
..................# .
.###########.....##
..
############....##...
#.........##.........
#.........##.........


You could see Aizul (very poisoned, ally target) and a friendly orange demon
(summoned).

Vanquished Creatures
  Gastronok (Lair:2)
  Azrael (Orc:2)
  Josephine (D:10)
  2 fire dragons (D:15)
  6 vault guards (D:14)
  Fannar (Lair:2)
  6 hydras
  2 boulder beetles
  2 centaur warriors
  4 two-headed ogres
  A catoblepas (Lair:1)
  A naga warrior (Snake:1)
  A naga sharpshooter (Snake:1)
  3 orc high priests
  Sonja (D:11)
  A sixfirhy (Lair:5)
  Amaemon (Lair:2)
  2 skysharks
  2 wizards
  7 orc knights
  4 orc sorcerers
  2 deep elf pyromancers
  2 cyclopes (D:15)
  4 ugly things (D:14)
  A salamander (Snake:1)
  A guardian serpent (Snake:1)
  A naga mage (Snake:2)
  Maggie (Lair:2)
  9 black mambas
  12 cane toads
  3 orange demons
  4 rime drakes (Lair:5)
  2 gargoyles (D:14)
  An unseen horror (D:10)
  A kobold demonologist (D:8)
  2 ice devils (Lair:5)
  13 komodo dragons
  A tengu conjurer (D:15)
  A red devil (Lair:5)
  6 trolls
  14 blink frogs
  2 polar bears
  A hornet (D:10)
  17 slime creatures
  Sigmund (D:5)
  A shadow (D:12)
  7 wyverns
  8 basilisks
  5 wraiths
  35 yaks
  3 fire elementals (Orc:1)
  10 vampire mosquitoes
  A steam dragon (Lair:1)
  A redback simulacrum (D:15)
  A warg (Orc:1)
  2 nagas
  6 hell hounds
  10 water moccasins
  33 orc warriors
  A black bear (Lair:4)
  6 ogres
  3 wolves
  4 boggarts (D:15)
  11 centaurs
  A phantom (D:6)
  9 bullfrogs
  3 gnoll sergeants
  5 scorpions
  3 wights (D:9)
  A howler monkey (D:9)
  3 vampire bats (D:12)
  An electric eel (Lair:2)
  4 hounds
  5 jellies (Lair:4)
  15 orc priests
  A gnoll bouda (D:5)
  6 iguanas
  26 orc wizards
  5 adders
  19 gnolls
  2 shadow imps
  A white imp (D:8)
  2 ufetubi (D:5)
  3 worms
  52 orcs
  6 ball pythons
  6 bats
  A bat skeleton (D:12)
  3 bat zombies (D:12)
  9 endoplasms
  2 giant cockroaches
  4 goblins
  2 hobgoblins (D:2)
  8 jackals
  3 quokkas
  A frilled lizard (D:2)
  4 kobolds
  5 rats
521 creatures vanquished.

Vanquished Creatures (collateral kills)
  A vault guard (D:14)
  A two-headed ogre (Orc:1)
  A tengu warrior (D:15)
  An ugly thing (D:14)
  A salamander (Snake:1)
  A gargoyle (D:11)
  2 slime creatures
  A wyvern (D:9)
  2 fire elementals (Orc:1)
  An orc warrior (Orc:1)
  An ogre (Orc:1)
  An orc priest (Orc:1)
  2 orcs
16 creatures vanquished.

Vanquished Creatures (others)
  A vault guard (D:14)
  An orc warrior (Orc:2)
  An orc priest (Orc:2)
  An orc wizard (D:10)
4 creatures vanquished.

Grand Total: 541 creatures vanquished

Notes
Turn   | Place    | Note
-------+----------+-------------------------------------------
     0 | D:1      | Chiseanne the Demonspawn Wanderer began the quest for the
                  | Orb.
     0 | D:1      | Chiseanne set off with the following items: a +2
                  | quarterstaff, a +0 mace, a +0 pair of boots, a scroll of
                  | teleportation, a +0 leather armour.
     0 | D:1      | Reached XP level 1. HP: 15/15 MP: 1/1
   381 | D:1      | Gained mutation: Spells you cast may paralyse adjacent
                  | enemies. [demonic ancestry]
   381 | D:1      | Reached XP level 2. HP: 21/21 MP: 2/2
   648 | D:2      | Reached skill level 2 in Fighting
   885 | D:2      | Reached XP level 3. HP: 27/27 MP: 3/3
  1444 | D:2      | Gained mutation: You have a pair of small horns on your
                  | head. [demonic ancestry]
  1444 | D:2      | Reached XP level 4. HP: 34/34 MP: 4/4
  1718 | D:3      | Found a shimmering altar of Xom.
  1719 | D:3      | Found a broken altar of Ashenzari.
  1950 | D:3      | Noticed an ogre
  2256 | D:3      | Killed an ogre
  2257 | D:3      | Reached skill level 3 in Fighting
  2257 | D:3      | Reached skill level 1 in Armour
  2257 | D:3      | Reached XP level 5. HP: 41/41 MP: 5/5
  2353 | D:4      | Found a transporter.
  2354 | D:4      | Noticed a phantom
  2355 | D:4      | Found a transporter.
  2355 | D:4      | Noticed Rihmasto's ghost (amateur MiBe)
  2389 | D:4      | Found a shadowy altar of Dithmenos.
  2766 | D:4      | Noticed an orc warrior
  2776 | D:5      | Entered Level 5 of the Dungeon
  2776 | D:5      | Found Jeffaqext's Antique Armour Boutique.
  2853 | D:5      | Noticed an ogre
  2864 | D:5      | Killed an ogre
  2865 | D:5      | Reached skill level 4 in Fighting
  2865 | D:5      | Gained mutation: You have a pair of horns on your head.
                  | [demonic ancestry]
  2865 | D:5      | Reached XP level 6. HP: 48/48 MP: 6/6
  2950 | D:5      | Noticed Sigmund
  2980 | D:5      | Killed Sigmund
  2981 | D:5      | Reached XP level 7. HP: 53/55 MP: 7/7
  3334 | D:5      | Reached skill level 5 in Fighting
  3442 | D:5      | Reached skill level 5 in Dodging
  3949 | D:6      | Found Tuexalu's Magic Scroll Boutique.
  3976 | D:6      | Gained mutation: Spells you cast may paralyse nearby
                  | enemies. [demonic ancestry]
  3976 | D:6      | Reached XP level 8. HP: 44/64 MP: 8/8
  4305 | D:6      | Found an ornate altar of the Wu Jian Council.
  4334 | D:6      | Reached skill level 6 in Fighting
  5091 | D:7      | Found an iron altar of Okawaru.
  5105 | D:7      | Found a staircase to the Ecumenical Temple.
  5114 | Temple   | Entered the Ecumenical Temple
  5150 | Temple   | Became a worshipper of Gozag Ym Sagoz the Greedy
  5280 | D:7      | Found a hazy altar of Hepliaklqana.
  5550 | D:7      | Found a radiant altar of Vehumet.
  5604 | D:7      | Reached skill level 5 in Armour
  6154 | D:7      | Reached skill level 7 in Fighting
  6154 | D:7      | Gained mutation: A weak demonic guardian rushes to your
                  | aid. [demonic ancestry]
  6154 | D:7      | Reached XP level 9. HP: 66/72 MP: 9/9
  6436 | D:8      | Noticed a kobold demonologist
  6977 | D:8      | Killed a kobold demonologist
  7238 | D:6      | Bought a scroll of identify for 28 gold pieces
  7238 | D:6      | Bought a scroll of identify for 28 gold pieces
  7238 | D:6      | Bought 3 scrolls of identify for 84 gold pieces
  7238 | D:6      | Bought a scroll of identify for 28 gold pieces
  7238 | D:6      | Bought a scroll of fear for 56 gold pieces
  7238 | D:6      | Bought a scroll of vulnerability for 56 gold pieces
  7250 | D:6      | Chiseanne: heal wound is common...what a lie
  7488 | D:9      | Reached skill level 8 in Fighting
  7826 | D:9      | Reached skill level 1 in Shields
  8023 | D:9      | Chiseanne: how much more could you send you idiots ?!
  8440 | D:9      | Gained mutation: You have a pair of large horns on your
                  | head. [demonic ancestry]
  8440 | D:9      | Reached XP level 10. HP: 53/82 MP: 10/10
  8993 | D:10     | Entered Level 10 of the Dungeon
  9045 | D:10     | Noticed Josephine
  9055 | D:10     | Killed Josephine
  9056 | D:10     | Reached skill level 9 in Fighting
  9259 | D:10     | Identified the +5 scale mail of Moral Flaws {rElec}
  9761 | D:11     | Noticed a gargoyle
 10050 | D:10     | Found a runed translucent gate.
 10050 | D:10     | Found a runed translucent gate.
 10051 | D:10     | Found a runed translucent gate.
 10052 | D:10     | Noticed Vandergrift's ghost (novice GrBe)
 10052 | D:10     | Noticed bworf's ghost (journeyman HOFE)
 10267 | D:11     | Killed a gargoyle
 10268 | D:11     | Reached skill level 5 in Shields
 10469 | D:11     | Noticed Sonja
 10623 | D:11     | Reached skill level 10 in Fighting
 10936 | D:11     | Found a staircase to the Lair.
 11018 | D:11     | Killed Sonja
 11019 | D:11     | Reached XP level 11. HP: 66/90 MP: 11/11
 11342 | D:11     | Found a staircase to the Orcish Mines.
 11425 | Lair:1   | Entered Level 1 of the Lair of Beasts
 11472 | Lair:1   | Noticed a boulder beetle
 11494 | Lair:1   | Killed a boulder beetle
 11495 | Lair:1   | Found a dark tunnel.
 11617 | Lair:1   | Noticed a catoblepas
 11636 | Lair:1   | Killed a catoblepas
 11961 | Lair:1   | Reached skill level 11 in Fighting
 12785 | Lair:2   | Noticed Fannar
 12803 | Lair:2   | Killed Fannar
 12827 | Lair:2   | Found a shimmering blue altar of Sif Muna.
 12880 | Lair:2   | Reached skill level 10 in Armour
 12959 | Lair:2   | Found a staircase to the Shoals.
 13243 | Lair:2   | Noticed a boulder beetle
 13258 | Lair:2   | Killed a boulder beetle
 13337 | Lair:2   | Noticed a five-headed hydra
 13348 | Lair:2   | Killed a two-headed hydra
 13349 | Lair:2   | Reached XP level 12. HP: 92/100 MP: 12/12
 13463 | Lair:2   | Noticed Amaemon
 13481 | Lair:2   | Killed Amaemon
 13652 | Lair:2   | Noticed Maggie
 13670 | Lair:2   | Killed Maggie
 13743 | Lair:2   | Noticed Gastronok
 13761 | Lair:2   | Killed Gastronok
 13952 | Lair:3   | Reached skill level 12 in Fighting
 14365 | Lair:3   | Found a staircase to the Snake Pit.
 15066 | Lair:3   | Noticed a six-headed hydra
 15073 | Lair:3   | Killed a three-headed hydra
 15619 | Lair:4   | Found a viscous altar of Jiyva.
 15675 | Lair:4   | Found a staircase to the Slime Pits.
 16356 | Lair:5   | Entered Level 5 of the Lair of Beasts
 16488 | Lair:5   | Noticed an eight-headed hydra
 16901 | Lair:5   | Killed a three-headed hydra
 17235 | Lair:5   | Reached skill level 13 in Fighting
 17235 | Lair:5   | Reached XP level 13. HP: 76/111 MP: 13/13
 18442 | Lair:5   | Reached skill level 10 in Shields
 19255 | Lair:5   | Found a burning altar of Makhleb.
 19945 | Lair:5   | Found a gateway to Hell.
 19982 | Lair:5   | Reached skill level 14 in Fighting
 20260 | D:11     | Chiseanne: fuck off
 20965 | D:12     | Found an ancient bone altar of Kikubaaqudgha.
 21438 | D:13     | Found Haurphuz's General Store.
 21447 | D:13     | Bought a scroll of teleportation for 48 gold pieces
 21891 | D:13     | Gained mutation: You are partially covered in rugged brown
                  | scales. (AC +1, +3% HP) [demonic ancestry]
 21891 | D:13     | Reached XP level 14. HP: 108/124 MP: 14/14
 22594 | D:14     | Found a gate to the Vaults.
 23969 | D:15     | Entered Level 15 of the Dungeon
 23982 | D:15     | Found Dutec's Antique Armour Emporium.
 24202 | D:15     | Found Esapymey's Magic Scroll Shoppe.
 24213 | D:15     | Reached skill level 15 in Fighting
 24316 | D:15     | Found a flickering gateway to a bazaar.
 24335 | Bazaar   | Entered a bazaar
 24368 | Bazaar   | Found Ragh's Assorted Antiques.
 24372 | Bazaar   | Found Sudwuo's Distillery.
 24372 | Bazaar   | Found Quqyfu Hoxzi's Assorted Antiques.
 24373 | Bazaar   | Found Rodime's Antique Armour Boutique.
 24393 | Bazaar   | Bought a scroll of teleportation for 63 gold pieces
 24393 | Bazaar   | Bought a scroll of blinking for 157 gold pieces
 24403 | Bazaar   | Bought a potion of curing for 39 gold pieces
 24403 | Bazaar   | Bought a potion of curing for 39 gold pieces
 24403 | Bazaar   | Bought 2 potions of curing for 78 gold pieces
 24403 | Bazaar   | Bought a potion of heal wounds for 65 gold pieces
 24403 | Bazaar   | Bought a potion of heal wounds for 65 gold pieces
 24403 | Bazaar   | Bought a potion of heal wounds for 65 gold pieces
 24403 | Bazaar   | Bought 2 potions of haste for 260 gold pieces
 24462 | D:15     | Bought a glowing cloak for 232 gold pieces
 25174 | D:15     | Bought a scroll of acquirement for 572 gold pieces
 25174 | D:15     | Bought a scroll of blinking for 82 gold pieces
 25174 | D:15     | Bought a scroll of teleportation for 33 gold pieces
 25174 | D:15     | Bought a scroll of teleportation for 33 gold pieces
 25175 | D:15     | Acquired the ring "Ruafige" {rC+ rN+ Will- rCorr Int+2}
 25272 | D:15     | Found a staircase to the Depths.
 25293 | D:15     | Chiseanne: oh, no ice dragon ? what a coincidence?
 25753 | Orc:1    | Entered Level 1 of the Orcish Mines
 26349 | Orc:1    | Found a bloodstained altar of Trog.
 26529 | Orc:1    | Upgraded the game from 0.30.1-9-gdf580d7c3d to
                  | 0.30.1-11-g7821555f0a
 26570 | Orc:2    | Entered Level 2 of the Orcish Mines
 26802 | Orc:2    | Noticed Azrael
 27819 | Orc:2    | Found Sonyiff's Jewellery Boutique.
 27825 | Orc:2    | Killed Azrael
 28366 | Orc:2    | Found a staircase to the Elven Halls.
 28901 | Orc:2    | Paralysed by an orc sorcerer for 2 turns
 29337 | Orc:2    | Reached XP level 15. HP: 116/133 MP: 15/15
 29700 | Orc:2    | Found Eguc Ero's Assorted Antiques.
 29700 | Orc:2    | Found Cuyqi's Weapon Shoppe.
 29701 | Orc:2    | Found Kiniokk's Distillery.
 29705 | Orc:2    | Found Potuene's Weapon Boutique.
 29715 | Orc:2    | Reached skill level 10 in Dodging
 29772 | Orc:2    | Bought a potion of heal wounds for 130 gold pieces
 29772 | Orc:2    | Bought a scroll of enchant weapon for 195 gold pieces
 29772 | Orc:2    | Bought a scroll of summoning for 247 gold pieces
 29774 | Orc:2    | Bought a potion of heal wounds for 80 gold pieces
 29774 | Orc:2    | Bought a potion of haste for 160 gold pieces
 29774 | Orc:2    | Bought a potion of invisibility for 128 gold pieces
 29774 | Orc:2    | Bought a potion of mutation for 128 gold pieces
 30008 | Snake:1  | Entered Level 1 of the Snake Pit
 30033 | Snake:1  | Found a runed translucent door.
 31021 | Snake:2  | Noticed Aizul
 31047 | Snake:2  | Annihilated by Aizul

Illustrated notes

Levels and vault maps discovered:
D:1:      tarquinn_simple_flora_water_a, layout_loops_ring
D:2:      layout_basic, guppyfry_early_lair_pool
D:3:      layout_loops_ring, grunt_temple_overflow_open,
          nicolae_underground_beach
D:4:      layout_basic, nzn_overflow_gifts_of_might_and_magic,
          old_standard_altar, gammafunk_ghost_arena, minmay_rat_hole
D:5:      layout_loops_ring, serial_shops, nicolae_stop_n_shop_2,
          kennysheep_generic_room_10, uniq_sigmund
D:6:      layout_basic, old_standard_altar, serial_shops,
          nicolae_shop_back_alley_shop
D:7:      layout_layer_cave, general_overflow_altar,
          mainiacjoe_overflow_large_starburst, minmay_temple_entry_mini_moons
D:8:      layout_basic
D:9:      layout_irregular_city
D:10:     layout_basic, gammafunk_ghost_cemetery, uniq_josephine
D:11:     layout_cave_pools, lair_entry_dummy, erik_orc_2, uniq_sonja
D:12:     layout_long_grid, kennysheep_vampire_church
D:13:     layout_stronghold, serial_shops, shop, gauntlet_entry_generic
D:14:     layout_gridville, erik_vaults_2
D:15:     grunt_enter_depths_hoard, layout_small_grid, serial_shops,
          bzr_in_the_mist, nicolae_shop_real_fake_doors, shop, roderic_lattice_a
Temple:   nicolae_temple_hex_pool
Lair:1:   layout_long_grid, nicolae_volcano_entry_lava_flow,
          infiniplex_staircase_pool_2, serial_bayou_shore_a
Lair:2:   layout_chaotic_city, minmay_shoals_entry_centaurs, basic_altar,
          beast_lair_carwin_1, infiniplex_staircase_pool, uniq_gastronok,
          uniq_fannar, uniq_amaemon, uniq_maggie
Lair:3:   layout_regular_city, guppyfry_snake_entry_island,
          chequers_serial_rivers_marsh
Lair:4:   layout_long_grid, nicolae_slime_entry_field_trip, dpeg_oklob_1
Lair:5:   evil_forest, layout_gridlike, grunt_megastairs_5
Snake:1:  cheibrodos_toxic_ritual, layout_rooms, serial_shops,
          nicolae_shop_back_alley_shop, nicolae_snake_gridmaze_spiral
Snake:2:  layout_grid_maze, serial_shops, shop, uniq_aizul, uniq_asterion
Orc:1:    layout_diamond_mine, trog_butcher_becter
Orc:2:    st_orc_elflike, layout_caves, serial_shops, nicolae_shop_crystal,
          uniq_azrael

Skill      XL: |  1  2  3  4  5  6  7  8  9 10 11 12 13 14 15 |
---------------+----------------------------------------------+-----
Dodging        | 2 3 4 5 6 7 9 10 | 10.2
Fighting       | 2 3 4 5 7 8 10 11 13 14 15 | 15.8
Armour         | 1 2 4 5 7 8 10 11 12 | 12.9
Shields        | 2 5 7 9 11 12 | 12.8
Maces & Flails | |  1.0
Staves         | |  4.5
Stealth        | |  1.0

Action                     |  1- 3 |  4- 6 |  7- 9 | 10-12 | 13-15 || total
---------------------------+-------+-------+-------+-------+-------++-------
  Melee: Quarterstaff      |    78 |    65 |   232 |       |       ||   375
         Headbutt          |       |    11 |    80 |   223 |   327 ||   641
         Short sword       |       |       |   105 |   252 |       ||   357
         Dagger            |       |       |       |   235 |   138 ||   373
         Long sword        |       |       |       |   296 |   567 ||   863
         Broad axe         |       |       |       |       |   385 ||   385
  Throw: Dart              |       |     9 |     8 |    15 |     9 ||    41
         Throwing net      |       |     3 |       |       |       ||     3
         Stone             |       |     1 |       |       |       ||     1
         Boomerang         |       |       |       |    25 |       ||    25
 Invoke: Call Merchant     |       |       |       |     2 |     1 ||     3
  Evoke: Wand              |       |       |     2 |    18 |    45 ||    65
         Phial of floods   |       |       |       |       |     2 ||     2
    Use: Scroll            |     5 |     5 |    12 |     9 |    16 ||    47
         Potion            |     1 |     1 |     2 |     1 |     9 ||    14
   Stab: Sleeping          |     2 |     1 |       |       |       ||     3
         Invisible         |       |       |     1 |       |     4 ||     5
         Distracted        |       |       |       |     5 |     8 ||    13
 Armour: Leather armour    |    42 |     3 |       |       |       ||    45
         Ring mail         |       |    15 |    45 |       |       ||    60
         Scale mail        |       |       |    89 |   395 |   643 ||  1127
  Dodge: Dodged            |    66 |    54 |   207 |   432 |   760 ||  1519
  Block: Kite shield       |       |       |    39 |   503 |  1031 ||  1573
